 Dungeon Crawl Stone Soup version 0.30-a0-269-gf0224bf7b6 (webtiles) character file.

Game seed: 14046775806387789147

174 slphil the Chopper (level 5, -1/48 HPs)
             Began as a Hill Orc Fighter on Oct 14, 2022.
             Slain by an ice beast (10 damage)
             ... on level 3 of the Dungeon.
             The game lasted 00:03:02 (2424 turns).

slphil the Chopper (Hill Orc Fighter)               Turns: 2424, Time: 00:03:03

Health: -1/48      AC:  6    Str: 21    XL:     5   Next: 54%
Magic:  5/5        EV:  9    Int:  8    God:
Gold:   174        SH:  4    Dex: 10    Spells: 4/4 levels left

rFire   . . .      SeeInvis .    a - +0 war axe
rCold   . . .      Faith    .    c - +0 buckler
rNeg    . . .      Spirit   .    b - +0 scale mail
rPois   .          Reflect  .    (no helmet)
rElec   .          Harm     .    (no cloak)
rCorr   .          Rampage  .    (no gloves)
Will    .....                    (no boots)
Stlth   ..........               f - amulet of magic regeneration
HPRegen 0.28/turn                (no ring)
MPRegen 0.49/turn                (no ring)

@: no status effects
A: no striking features
a: no special abilities


You were on level 3 of the Dungeon.
You visited 1 branch of the dungeon, and saw 3 of its levels.

You collected 174 gold pieces.

Inventory:

Hand Weapons
 a - a +0 war axe (weapon)
Armour
 b - a +0 scale mail (worn)
 c - a +0 buckler (worn)
Jewellery
 f - an amulet of magic regeneration (around neck)
 l - a +4 ring of protection
 q - a +6 ring of dexterity
Scrolls
 e - 3 scrolls of enchant armour {unknown}
 h - 3 scrolls of magic mapping {unknown}
 j - 4 scrolls of identify {unknown}
 m - a scroll of acquirement {unknown}
 n - a scroll of teleportation {unknown}
 o - 2 scrolls of fear {unknown}
Potions
 d - 2 potions of might
 g - a potion of degeneration {unknown}
 i - a potion of haste {unknown}
 k - a potion of mutation {unknown}
 p - 2 potions of curing {unknown}
 r - a potion of heal wounds {unknown}


   Skills:
 + Level 5.1 Fighting
 * Level 6.2 Axes
 - Level 3.2 Armour
 - Level 3.2 Shields


You had 4 spell levels left.
You didn't know any spells.
Your spell library contained the following spells:

 Spells                   Type           Power      Damage    Failure   Level
 Cigotuvi's Dreadful Rot  Necr/Pois/Air  0%         N/A       93%         2
 Poisonous Vapours        Pois/Air       0%         N/A       93%         2
 Ignite Poison            Fire/Tmut/Pois 0%         N/A       99%         3
 Mephitic Cloud           Conj/Pois/Air  0%         N/A       99%         3
 Sticky Flame             Conj/Fire      0%         2d3       100%        4
 Ignition                 Fire           0%         3d3       100%        8


Dungeon Overview and Level Annotations

Branches:
Dungeon (3/15)

Altars:
Fedhas


Message History

The orc is lightly wounded.
The orc hits you with a +0 hand axe. The orc hits you but does no damage.
You slash the orc!
You kill the orc!
No target in view!
No target in view!
Things that are here:
a +0 hand axe; a +0 leather armour; an orc corpse You see here a +0 flail.
Found a stone staircase leading down.
An endoplasm comes into view.
An endoplasm is nearby!
The endoplasm hits you but does no damage.
You slash the endoplasm!
You kill the endoplasm!
No target in view!
No target in view!
An ice beast comes into view.
An ice beast is nearby!
The ice beast hits you. The ice beast freezes you!
You closely miss the ice beast.
The ice beast hits you but does no damage.
You hit the ice beast but do no damage. The ice beast barely misses you.
You hit the ice beast but do no damage. The ice beast hits you.
The ice beast freezes you!
The ice beast hits you but does no damage.
You are too injured to fight recklessly!
You are too injured to fight recklessly!
You are too injured to fight recklessly!
You barely miss the ice beast.
The ice beast hits you but does no damage.
You closely miss the ice beast. The ice beast hits you.
The ice beast freezes you!
* * * LOW HITPOINT WARNING * * *
You slash the ice beast!
The ice beast is heavily wounded.
The ice beast hits you.
* * * LOW HITPOINT WARNING * * *
The ice beast freezes you!
You die...

##. #..........#
...
#.###>.##......#
#.$
#............###
#..######..#######
..........#
###.###...#
#.......#
#.###..## #@#
#..... #Y# #...###
..# #...# .###
#...# .. #...# ..
...# #.. .. #.#
#.#


You could see an ice beast.

Vanquished Creatures
  Jessica (D:3)
  Natasha (twice) (D:3)
  An adder (D:2)
  2 gnolls (D:1)
  A white imp (D:3)
  2 dart slugs
  An orc (D:3)
  7 ball pythons
  6 endoplasms
  4 giant cockroaches
  A goblin (D:1)
  4 hobgoblins
  A quokka (D:3)
  7 bats
  9 frilled lizards
  7 kobolds
  9 rats
65 creatures vanquished.

Vanquished Creatures (others)
  8 plants (D:2)
8 creatures vanquished.

Grand Total: 73 creatures vanquished

Notes
Turn   | Place    | Note
-------+----------+-------------------------------------------
     0 | D:1      | slphil the Hill Orc Fighter began the quest for the Orb.
     0 | D:1      | Reached XP level 1. HP: 19/19 MP: 1/1
   110 | D:1      | Reached skill level 3 in Axes
   177 | D:1      | Reached XP level 2. HP: 27/27 MP: 2/2
   387 | D:1      | Reached skill level 4 in Axes
   387 | D:1      | Reached XP level 3. HP: 30/33 MP: 3/3
   901 | D:1      | Found a faded altar of an unknown god.
  1325 | D:2      | Reached XP level 4. HP: 41/41 MP: 4/4
  1384 | D:2      | Reached skill level 5 in Axes
  1823 | D:3      | Noticed Natasha
  1834 | D:3      | Killed Natasha
  1838 | D:3      | Noticed Jessica
  1846 | D:3      | Killed Jessica
  1847 | D:3      | Reached XP level 5. HP: 23/47 MP: 5/5
  2022 | D:3      | Found a blossoming altar of Fedhas.
  2025 | D:3      | Noticed Natasha
  2032 | D:3      | Killed Natasha
  2033 | D:3      | Reached skill level 5 in Fighting
  2033 | D:3      | Reached skill level 6 in Axes
  2416 | D:3      | Noticed an ice beast
  2424 | D:3      | Slain by an ice beast

Illustrated notes

Levels and vault maps discovered:
D:1:      minmay_arrival_semitransparent, layout_basic,
          shapermc_ecumenical_altar_hornbeckon
D:2:      layout_basic, kennysheep_another_room, minmay_lizard_king
D:3:      layout_basic, fedhas_altar_2, roderic_filled_cross,
          grunt_decor_clamped, uniq_natasha, uniq_jessica

Skill      XL: |  1  2  3  4  5 |
---------------+----------------+-----
Axes           | 3 4 5 6 |  6.2
Fighting       | 4 5 |  5.1
Armour         | |  3.2
Shields        | |  3.2

Action                   |  1- 3 |  4- 6 || total
-------------------------+-------+-------++-------
Melee: War axe           |   114 |    75 ||   189
Armor: Scale mail        |    64 |    36 ||   100
Dodge: Dodged            |    68 |    39 ||   107
Block: Buckler           |    29 |     9 ||    38

Table legend: (Time is in decaauts)
 A = Elapsed time spent in this place.
 B = Non-inter-level travel time spent in this place.
 C = Inter-level travel time spent in this place.
 D = Time resting spent in this place.
 E = Time spent auto-exploring this place.
 F = Levels seen in this place.
 G = Mean time per level.
                   A        B        C        D        E       F      G
               +--------+--------+--------+--------+--------+-----+--------+
         Total |   2500 |   2428 |     72 |      0 |   1939 |   3 |  833.3 |
       Dungeon |   2500 |   2428 |     72 |      0 |   1939 |   3 |  833.3 |
               +--------+--------+--------+--------+--------+-----+--------+

Top non-repeatable levels by time:
     D:1: 1005 daAuts
     D:2: 757 daAuts
     D:3: 738 daAuts
